Map: New Richmond

Players

neulaender

  • Race: Zerg Zerg

Baumdoktor

  • Race: Protoss Protoss

BennTenn

  • Race: Terran Terran

A.I. 3 (Elite)

  • Race: Protoss Protoss

A.I. 4 (Very Hard)

  • Race: Terran Terran

A.I. 5 (Elite)

  • Race: Zerg Zerg

VOD

Have the link to the VOD?

Description

Time

  • Played on: Oct. 10, 2016, 1:06 p.m.
  • Length: 5:22
Show
View Real Time Build Order
Export as new Build Order

neulaender Zerg 

Build Orders: Hatch First 

Get SALT Encoding   

  12  0:01  Drone  
  13  0:08  Drone  
  14  0:18  Overlord  
  14  0:37  Drone x2  
  14  0:40  Drone  
  17  0:48  Drone  
  18  0:58  Drone  
  18  1:02  Hatchery  
  18  1:08  Extractor  
  17  1:15  Spawning Pool  
  16  1:18  Drone  
  17  1:25  Overlord  
  17  1:36  Drone  
  18  1:42  Drone  
  19  1:52  Overlord  
  19  2:07  Drone  
  20  2:17  Zergling x4  
  20  2:22  Extractor  
  21  2:23  Queen x2  
  21  2:27  Drone x2  
  27  2:45  Drone x2  
  29  2:52  Hatchery  
  28  3:01  Queen  
  28  3:03  Drone x2  
  32  3:06  Drone  
  32  3:09  Drone  
  34  3:13  Metabolic Boost  
  34  3:16  Drone  
  35  3:20  Drone  
  35  3:28  Zergling x4  
  37  3:46  Drone x7  
  37  3:47  Overlord  
  43  3:56  Lair  
  43  3:59  Overlord  
  43  4:07  Evolution Chamber  
  42  4:10  Evolution Chamber  
  42  4:11  Zergling x2  
  42  4:12  Zergling x4  
  44  4:21  Baneling Nest  
  43  4:25  Drone x2  
  43  4:26  Drone x2  
  43  4:28  Zergling x2  
  48  4:36  Zergling x4  
  50  4:40  Zergling x4  
  50  4:41  Zergling x6  
Show
View Real Time Build Order
Export as new Build Order

Baumdoktor Protoss 

Build Orders: 1 Gate Expand 

Get SALT Encoding   

  12  0:02  Probe (Chrono Boost)  
  13  0:13  Probe (Chrono Boost)  
  14  0:23  Probe (Chrono Boost)  
  15  0:29  Pylon  
  15  0:47  Gateway  
  15  0:48  Probe (Chrono Boost)  
  16  0:58  Probe (Chrono Boost)  
  17  1:09  Probe (Chrono Boost)  
  18  1:17  Nexus  
  18  1:22  Pylon  
  18  1:34  Assimilator  
  18  1:36  Assimilator  
  18  1:38  Probe (Chrono Boost)  
  19  1:46  Cybernetics Core  
  19  2:17  Pylon  
  19  2:38  Probe (Chrono Boost)  
  19  2:41  Warp Gate  
  19  2:42  Probe (Chrono Boost)  
  21  2:46  Stalker  
  21  2:48  Probe (Chrono Boost)  
  24  2:53  Probe (Chrono Boost)  
  25  2:59  Probe (Chrono Boost)  
  25  3:03  Probe (Chrono Boost)  
  27  3:05  Gateway  
  27  3:09  Gateway, Probe (Chrono Boost)  
  28  3:14  Probe (Chrono Boost)  
  29  3:20  Probe (Chrono Boost)  
  29  3:21  Assimilator  
  29  3:25  Probe (Chrono Boost)  
  31  3:27  Assimilator  
  31  3:33  Probe (Chrono Boost)  
  32  3:35  Probe (Chrono Boost)  
  33  3:46  Probe (Chrono Boost)  
  34  3:56  Probe (Chrono Boost)  
  34  4:00  Gateway  
  34  4:01  Gateway  
  34  4:02  Gateway  
  35  4:05  Gateway  
  35  4:07  Probe (Chrono Boost)  
  35  4:09  Gateway  
  38  4:17  Probe (Chrono Boost)  
  30  4:53  Adept x2  
Show
View Real Time Build Order
Export as new Build Order

BennTenn Terran 

Build Orders:  

Get SALT Encoding   

  12  0:02  SCV  
  13  0:20  SCV  
  14  0:25  Supply Depot  
  14  0:48  Supply Depot  
  14  0:55  Barracks  
  14  1:01  SCV  
  15  1:13  SCV  
  15  1:14  Supply Depot  
  16  1:26  Refinery, SCV  
  17  1:38  SCV  
  18  1:44  Barracks  
  18  2:04  SCV  
  19  2:15  Refinery  
  19  2:16  SCV  
  20  2:28  SCV  
  20  2:29  Supply Depot  
  21  2:30  Supply Depot  
  21  2:45  Command Center  
  21  2:48  Barracks Tech Lab  
  21  2:50  Barracks Tech Lab  
  21  2:53  SCV  
  22  3:05  SCV  
  23  3:09  Barracks, Marauder  
  25  3:29  Marauder  
  25  3:31  Marauder  
  29  3:36  SCV  
  30  3:51  Marauder  
  32  4:08  Command Center  
  32  4:10  SCV  
  33  4:35  Barracks Tech Lab  
  33  4:43  SCV  
  33  4:44  Engineering Bay  
  34  4:48  SCV  
  33  4:55  SCV  
  32  5:00  SCV  
  30  5:21  Ghost Academy  
Show
View Real Time Build Order
Export as new Build Order

A.I. 3 (Elite) Protoss 

Build Orders:  

Get SALT Encoding   

  12  0:01  Probe (Chrono Boost)  
  13  0:12  Probe (Chrono Boost)  
  14  0:21  Pylon  
  14  0:22  Probe (Chrono Boost)  
  15  0:39  Probe (Chrono Boost)  
  16  0:47  Assimilator  
  17  0:50  Probe (Chrono Boost)  
  17  0:51  Gateway  
  17  1:00  Probe (Chrono Boost), Pylon  
  18  1:11  Probe (Chrono Boost)  
  19  1:21  Probe (Chrono Boost)  
  20  1:32  Probe (Chrono Boost)  
  21  1:37  Zealot  
  23  1:40  Gateway  
  23  1:43  Cybernetics Core, Probe (Chrono Boost)  
  25  1:54  Pylon  
  25  1:55  Probe (Chrono Boost)  
  25  2:02  Zealot  
  25  2:06  Probe (Chrono Boost)  
  28  2:15  Warp Gate  
  28  2:17  Probe (Chrono Boost)  
  29  2:25  Adept  
  29  2:28  Adept  
  33  2:34  Gateway  
  33  2:42  Gateway  
  33  2:51  Adept  
  33  2:53  Adept  
  33  2:58  Pylon  
  38  3:00  Probe (Chrono Boost)  
  38  3:17  Adept  
  40  3:20  Adept x2  
  44  3:28  Adept  
  44  3:31  Pylon  
  46  3:39  Robotics Facility  
  46  4:04  Twilight Council  
  46  4:09  Pylon  
  46  4:28  Assimilator  
  46  4:48  Zealot  
  48  4:57  Nexus  
  48  5:09  Templar Archives  
Show
View Real Time Build Order
Export as new Build Order

A.I. 4 (Very Hard) Terran 

Build Orders: MMM Bio 

Get SALT Encoding   

  12  0:01  SCV  
  13  0:13  SCV  
  14  0:19  Supply Depot  
  14  0:25  SCV  
  15  0:41  SCV  
  16  0:44  Barracks  
  16  0:46  Refinery  
  16  0:53  SCV  
  17  1:02  Barracks  
  17  1:05  SCV  
  18  1:17  SCV  
  19  1:31  Marine  
  20  1:34  Orbital Command  
  20  1:43  Barracks  
  20  1:49  Marine x2  
  22  1:58  Supply Depot  
  22  2:01  SCV  
  23  2:07  Barracks Tech Lab  
  23  2:08  Barracks Tech Lab  
  23  2:20  SCV  
  24  2:26  Marine x2  
  24  2:27  Stimpack  
  24  2:29  Concussive Shells  
  26  2:30  Marine  
  27  2:37  Supply Depot  
  27  2:43  Marine  
  28  2:44  Marine  
  28  2:46  SCV  
  28  2:47  Marine  
  31  3:02  Marauder  
  31  3:03  Marauder  
  35  3:05  Marine  
  35  3:07  Supply Depot  
  37  3:20  SCV  
  37  3:21  Combat Shields  
  37  3:23  Marine x2  
  39  3:29  Supply Depot, Marine  
  40  3:41  Marauder, Marine  
  42  3:47  Marauder  
  42  3:48  Refinery  
  45  4:05  Marauder  
  45  4:08  Marauder  
  49  4:10  Supply Depot  
  49  4:11  SCV  
  50  4:23  SCV  
  51  4:26  Marauder  
  53  4:33  Command Center  
  53  4:35  SCV  
  54  4:41  Marauder  
  55  4:53  Marine, Barracks Reactor, Factory  
  56  5:06  Supply Depot  
Show
View Real Time Build Order
Export as new Build Order

A.I. 5 (Elite) Zerg 

Build Orders: Pool First 

Get SALT Encoding   

  12  0:01  Drone  
  13  0:12  Overlord  
  13  0:17  Drone  
  14  0:30  Drone x2  
  14  0:34  Drone  
  17  0:48  Drone, Spawning Pool  
  17  1:09  Hatchery  
  16  1:13  Drone  
  16  1:16  Extractor  
  16  1:19  Drone  
  16  1:23  Extractor  
  16  1:24  Drone  
  17  1:29  Drone  
  18  1:38  Drone  
  19  1:49  Overlord  
  19  1:55  Queen  
  19  2:00  Zergling x2  
  22  2:10  Drone  
  23  2:21  Queen  
  25  2:28  Drone  
  26  2:34  Drone  
  27  2:37  Drone  
  27  2:41  Drone  
  29  2:54  Roach Warren  
  29  2:57  Drone  
  29  3:01  Drone  
  29  3:04  Zergling x2  
  31  3:07  Zergling x2  
  32  3:14  Overlord  
  32  3:16  Drone  
  33  3:20  Drone  
  34  3:35  Roach  
  34  3:36  Roach x2  
  34  3:37  Roach  
  42  3:44  Lair  
  42  3:47  Zergling x2  
  42  3:51  Overlord  
  42  3:56  Overlord  
  42  4:00  Zergling x2  
  43  4:09  Zergling x4  
  46  4:10  Drone  
  46  4:11  Drone  
  46  4:14  Drone  
  46  4:16  Drone  
  49  4:19  Drone  
  49  4:23  Roach  
  52  4:26  Roach  
  54  4:31  Overlord  
  54  4:39  Drone  
  54  4:42  Drone  
  54  4:43  Drone  
  54  4:45  Infestation Pit, Drone  
  57  4:48  Drone  
  57  4:52  Overlord  
  58  4:57  Overlord  
  60  5:00  Roach  
  60  5:03  Roach  
  61  5:09  Hydralisk Den  
Tags
 
Add a new tag
Caveats
  • Supply blocks, unpowered buildings, or Contaminate may cause inaccurate times.
  • Supply counts are checked every 10 seconds.